[ AOE2 MATCH · #506554029 ]
UnrankedSaracens vs Burgundians
[ REPLAY ANALYSIS · EXTRACTED FROM THE RECORDED GAME ]
Feudal
11:12
Castle
—
Imperial
—
| APM avg | 32.8 |
| APM peak | 50 |
| eAPM avg | 14.2 |
| Villagers / military | 42 / 23 |
Focus
⚔️ 15.7% · 🌾 84.3%
Archer ×23
Feudal
9:21
Castle
—
Imperial
—
| APM avg | 44.1 |
| APM peak | 77 |
| eAPM avg | 17.7 |
| Villagers / military | 43 / 31 |
Focus
⚔️ 40.9% · 🌾 59.1%
Flemish Militia ×31
Feudal
12:27
Castle
—
Imperial
—
| APM avg | 39.2 |
| APM peak | 99 |
| eAPM avg | 20.4 |
| Villagers / military | 60 / 5 |
Focus
⚔️ 17.3% · 🌾 82.7%
Spearman ×5
Feudal
13:04
Castle
—
Imperial
—
| APM avg | 32.1 |
| APM peak | 62 |
| eAPM avg | 11.2 |
| Villagers / military | 28 / 20 |
Focus
⚔️ 27.0% · 🌾 73.0%
Militia ×20
Feudal
10:32
Castle
—
Imperial
—
| APM avg | 47.7 |
| APM peak | 93 |
| eAPM avg | 23.8 |
| Villagers / military | 50 / 9 |
Focus
⚔️ 20.7% · 🌾 79.3%
Battering Ram ×9
Feudal
9:06
Castle
—
Imperial
—
| APM avg | 53.6 |
| APM peak | 109 |
| eAPM avg | 16.7 |
| Villagers / military | 44 / 3 |
Focus
⚔️ 25.2% · 🌾 74.8%
Scout Cavalry ×2 · Spearman ×1
Match map
Initial resources + every placement click. Lines = walls · curves = elevation contours. ◆ gold · ⬟ stone · ● berries · ✦ relic · ◌ wall gap
Your base· Open — unwalled flank
LMG_Leonardo's base· Open — unwalled flank
LMG_SON SABANDIJAS's base· Open — 12t gap
kaaaboooom's base· Open — unwalled flank
LMG_HERA DE TEMU's base· Open — unwalled flank
Gabito's base· Open — 10t gap
Smoothed initial terrain · ◌ = detected wall gap · hover for details
Inputs per minute
— Szwajson - - LMG_Leonardo
Build order — Szwajson
108 actions detected in the replay
| 0:00 | Queue | Villager (Male) |
| 0:00 | Queue | Villager (Male) |
| 0:01 | Queue | Villager (Male) |
| 0:03 | Build | House |
| 0:04 | Build | House |
| 0:18 | Queue | Villager (Male) |
| 1:36 | Queue | Villager (Male) |
| 2:09 | Queue | Villager (Male) |
| 2:20 | Queue | Villager (Male) |
| 2:21 | Queue | Villager (Male) |
| 2:50 | Queue | Villager (Male) |
| 3:25 | Research | Loom |
| 3:30 | Build | Lumber Camp |
| 3:42 | Queue | Villager (Male) |
| 4:14 | Queue | Villager (Male) |
| 4:21 | Build | House |
| 4:24 | Build | House |
| 4:37 | Queue | Villager (Male) |
| 4:44 | Build | House |
| 4:58 | Queue | Villager (Male) |
| 4:58 | Queue | Villager (Male) |
| 5:20 | Queue | Villager (Male) |
| 5:36 | Build | Barracks |
| 5:56 | Queue | Villager (Male) |
| 5:57 | Queue | Villager (Male) |
| 6:17 | Queue | Villager (Male) |
| 6:17 | Queue | Villager (Male) |
| 6:31 | Build | Mill |
| 6:44 | Queue | Villager (Male) |
| 6:45 | Queue | Villager (Male) |
| 8:05 | Queue | Villager (Male) |
| 8:33 | Build | Mining Camp |
| 8:37 | Queue | Villager (Male) |
| 8:58 | Research | Feudal Age |
| 9:53 | Build | House |
| 9:55 | Build | House |
| 10:29 | Queue | Villager (Male) |
| 10:29 | Queue | Villager (Male) |
| 10:29 | Queue | Villager (Male) |
| 11:12 | Age | Feudal Age |
| 11:14 | Build | Archery Range |
| 11:18 | Build | Archery Range |
| 11:52 | Build | Archery Range |
| 12:00 | Build | Archery Range |
| 12:08 | Build | Mining Camp |
| 12:29 | Build | House |
| 12:37 | Queue | Archer |
| 12:37 | Queue | Archer |
| 12:40 | Queue | Villager (Male) |
| 12:40 | Queue | Villager (Male) |
| 12:59 | Queue | Archer |
| 12:59 | Queue | Archer |
| 13:05 | Build | Blacksmith |
| 13:11 | Build | House |
| 13:13 | Queue | Villager (Male) |
| 13:14 | Queue | Villager (Male) |
| 13:36 | Research | Double-Bit Axe |
| 13:48 | Queue | Villager (Male) |
| 14:10 | Research | Fletching |
| 14:22 | Queue | Villager (Male) |
| 14:23 | Queue | Villager (Male) |
| 14:26 | Build | House |
| 14:29 | Queue | Villager (Male) |
| 14:47 | Queue | Archer |
| 15:02 | Queue | Archer |
| 15:21 | Build | Archery Range |
| 15:40 | Queue | Villager (Male) |
| 15:41 | Queue | Villager (Male) |
| 16:00 | Queue | Archer |
| 16:01 | Queue | Archer |
| 16:01 | Queue | Archer |
| 16:17 | Build | Farm |
| 16:18 | Build | Farm |
| 16:18 | Build | Farm |
| 16:18 | Build | Farm |
| 16:18 | Build | Farm |
| 16:19 | Build | Farm |
| 16:19 | Build | Farm |
| 16:27 | Queue | Archer |
| 16:28 | Queue | Archer |
| 16:46 | Build | Farm |
| 16:51 | Build | Farm |
| 16:58 | Build | House |
| 16:59 | Build | House |
| 17:15 | Queue | Archer |
| 17:15 | Queue | Archer |
| 17:16 | Queue | Archer |
| 17:32 | Queue | Archer |
| 17:43 | Queue | Villager (Male) |
| 17:44 | Queue | Villager (Male) |
| 17:50 | Build | House |
| 17:51 | Build | House |
| 18:17 | Queue | Archer |
| 18:17 | Queue | Archer |
| 18:41 | Queue | Archer |
| 18:41 | Queue | Archer |
| 18:41 | Queue | Archer |
| 18:43 | Queue | Villager (Male) |
| 18:43 | Queue | Villager (Male) |
| 18:52 | Build | Farm |
| 18:53 | Build | Farm |
| 19:01 | Queue | Archer |
| 19:26 | Queue | Archer |
| 19:26 | Queue | Archer |
| 19:31 | Build | Farm |
| 19:32 | Queue | Villager (Male) |
| 19:32 | Queue | Villager (Male) |
| 19:41 | Build | Farm |
Build order — LMG_Leonardo
133 actions detected in the replay
| 0:01 | Queue | Villager (Male) |
| 0:01 | Queue | Villager (Male) |
| 0:02 | Queue | Villager (Male) |
| 0:02 | Queue | Villager (Male) |
| 0:03 | Build | House |
| 0:04 | Build | House |
| 1:28 | Queue | Villager (Male) |
| 1:29 | Queue | Villager (Male) |
| 2:11 | Queue | Villager (Male) |
| 2:11 | Queue | Villager (Male) |
| 2:11 | Queue | Villager (Male) |
| 2:15 | Build | Lumber Camp |
| 2:35 | Queue | Villager (Male) |
| 3:09 | Queue | Villager (Male) |
| 3:09 | Queue | Villager (Male) |
| 3:09 | Queue | Villager (Male) |
| 3:17 | Build | House |
| 3:22 | Queue | Villager (Male) |
| 4:19 | Queue | Villager (Male) |
| 4:19 | Queue | Villager (Male) |
| 4:58 | Queue | Villager (Male) |
| 4:58 | Queue | Villager (Male) |
| 4:59 | Research | Loom |
| 5:58 | Research | Loom |
| 6:18 | Build | Mining Camp |
| 6:46 | Queue | Villager (Male) |
| 7:11 | Research | Feudal Age |
| 7:17 | Build | Barracks |
| 7:57 | Build | Barracks |
| 8:38 | Build | Mill |
| 9:17 | Research | Double-Bit Axe |
| 9:21 | Age | Feudal Age |
| 9:28 | Queue | Flemish Militia |
| 9:28 | Queue | Flemish Militia |
| 9:28 | Queue | Flemish Militia |
| 9:28 | Queue | Flemish Militia |
| 9:32 | Build | House |
| 9:47 | Queue | Villager (Male) |
| 9:48 | Queue | Villager (Male) |
| 9:57 | Build | House |
| 10:07 | Queue | Villager (Male) |
| 10:25 | Build | House |
| 10:42 | Queue | Flemish Militia |
| 10:42 | Queue | Flemish Militia |
| 10:58 | Queue | Villager (Male) |
| 10:58 | Queue | Villager (Male) |
| 11:01 | Research | Horse Collar |
| 11:07 | Build | Farm |
| 11:35 | Queue | Villager (Male) |
| 11:36 | Queue | Villager (Male) |
| 11:36 | Queue | Villager (Male) |
| 11:56 | Queue | Flemish Militia |
| 11:57 | Queue | Flemish Militia |
| 12:29 | Queue | Villager (Male) |
| 12:45 | Research | Wheelbarrow |
| 12:47 | Build | House |
| 12:48 | Build | House |
| 12:49 | Build | House |
| 12:52 | Build | Farm |
| 12:55 | Build | Farm |
| 12:57 | Build | Farm |
| 13:05 | Build | Palisade Wall |
| 13:06 | Build | Palisade Wall |
| 13:10 | Build | Palisade Wall |
| 13:25 | Queue | Villager (Male) |
| 13:26 | Queue | Villager (Male) |
| 13:35 | Build | House |
| 13:37 | Build | House |
| 13:39 | Build | Palisade Wall |
| 13:44 | Build | Farm |
| 13:45 | Build | Farm |
| 13:45 | Build | Farm |
| 13:48 | Build | Farm |
| 13:49 | Build | Farm |
| 14:03 | Queue | Flemish Militia |
| 14:04 | Queue | Flemish Militia |
| 14:04 | Queue | Flemish Militia |
| 14:29 | Research | Bow Saw |
| 14:50 | Queue | Flemish Militia |
| 14:51 | Queue | Flemish Militia |
| 15:37 | Queue | Villager (Male) |
| 15:37 | Queue | Villager (Male) |
| 15:38 | Queue | Villager (Male) |
| 15:48 | Queue | Villager (Male) |
| 15:48 | Queue | Villager (Male) |
| 16:02 | Queue | Flemish Militia |
| 16:02 | Queue | Flemish Militia |
| 16:03 | Queue | Flemish Militia |
| 16:03 | Queue | Flemish Militia |
| 16:03 | Queue | Flemish Militia |
| 16:03 | Queue | Flemish Militia |
| 16:09 | Build | Barracks |
| 16:11 | Build | Barracks |
| 16:25 | Build | Blacksmith |
| 16:28 | Build | House |
| 16:30 | Queue | Villager (Male) |
| 16:46 | Research | Arson |
| 16:48 | Queue | Villager (Male) |
| 16:49 | Queue | Villager (Male) |
| 16:54 | Build | Farm |
| 16:54 | Build | Farm |
| 16:58 | Build | House |
| 17:00 | Build | House |
| 17:26 | Queue | Flemish Militia |
| 17:26 | Queue | Flemish Militia |
| 17:26 | Queue | Flemish Militia |
| 17:26 | Queue | Flemish Militia |
| 17:36 | Research | Scale Mail Armor |
| 17:41 | Build | Farm |
| 17:41 | Build | Farm |
| 17:41 | Build | Farm |
| 17:42 | Build | Farm |
| 17:58 | Research | Forging |
| 18:01 | Queue | Villager (Male) |
| 18:01 | Queue | Villager (Male) |
| 18:09 | Build | House |
| 18:09 | Build | House |
| 18:21 | Queue | Flemish Militia |
| 18:21 | Queue | Flemish Militia |
| 18:21 | Queue | Flemish Militia |
| 18:31 | Queue | Villager (Male) |
| 18:55 | Build | Stable |
| 18:57 | Queue | Villager (Male) |
| 18:57 | Queue | Villager (Male) |
| 19:04 | Build | Farm |
| 19:04 | Build | Farm |
| 19:04 | Build | Farm |
| 19:05 | Build | Farm |
| 19:21 | Queue | Flemish Militia |
| 19:21 | Queue | Flemish Militia |
| 19:22 | Queue | Flemish Militia |
| 19:22 | Queue | Flemish Militia |
| 19:22 | Queue | Flemish Militia |
Build order — LMG_SON SABANDIJAS
119 actions detected in the replay
| 0:02 | Build | House |
| 0:04 | Build | House |
| 0:18 | Queue | Villager (Male) |
| 0:18 | Queue | Villager (Male) |
| 0:20 | Queue | Villager (Male) |
| 0:21 | Queue | Villager (Male) |
| 1:46 | Queue | Villager (Male) |
| 1:46 | Queue | Villager (Male) |
| 1:56 | Queue | Villager (Male) |
| 1:56 | Queue | Villager (Male) |
| 2:51 | Queue | Villager (Male) |
| 2:51 | Queue | Villager (Male) |
| 2:55 | Build | Lumber Camp |
| 3:07 | Queue | Villager (Male) |
| 3:08 | Queue | Villager (Male) |
| 3:37 | Queue | Villager (Male) |
| 3:38 | Queue | Villager (Male) |
| 3:41 | Build | House |
| 4:03 | Queue | Villager (Male) |
| 4:13 | Research | Loom |
| 4:17 | Queue | Villager (Male) |
| 4:17 | Queue | Villager (Male) |
| 4:53 | Queue | Villager (Male) |
| 4:54 | Queue | Villager (Male) |
| 4:54 | Queue | Villager (Male) |
| 5:12 | Queue | Villager (Male) |
| 5:12 | Queue | Villager (Male) |
| 5:34 | Build | Mill |
| 5:50 | Build | Palisade Wall |
| 5:55 | Build | Palisade Wall |
| 5:58 | Build | Palisade Wall |
| 5:59 | Build | Palisade Wall |
| 6:02 | Build | Palisade Wall |
| 6:03 | Build | Palisade Wall |
| 6:07 | Queue | Villager (Male) |
| 6:08 | Queue | Villager (Male) |
| 6:08 | Queue | Villager (Male) |
| 6:31 | Queue | Villager (Male) |
| 6:31 | Queue | Villager (Male) |
| 6:42 | Build | House |
| 7:03 | Queue | Villager (Male) |
| 7:03 | Queue | Villager (Male) |
| 7:30 | Queue | Villager (Male) |
| 7:40 | Queue | Villager (Male) |
| 7:40 | Queue | Villager (Male) |
| 7:45 | Build | Mill |
| 8:20 | Queue | Villager (Male) |
| 8:55 | Build | Palisade Wall |
| 10:05 | Build | Palisade Wall |
| 10:17 | Research | Feudal Age |
| 10:17 | Research | Feudal Age |
| 10:37 | Build | Palisade Gate |
| 10:40 | Build | Palisade Wall |
| 10:44 | Build | Palisade Wall |
| 11:10 | Build | Barracks |
| 11:51 | Queue | Villager (Male) |
| 11:51 | Queue | Villager (Male) |
| 12:27 | Age | Feudal Age |
| 12:29 | Queue | Spearman |
| 12:30 | Queue | Spearman |
| 12:30 | Queue | Spearman |
| 12:34 | Queue | Villager (Male) |
| 12:36 | Build | Farm |
| 12:37 | Queue | Villager (Male) |
| 12:37 | Queue | Villager (Male) |
| 12:56 | Build | House |
| 13:00 | Build | Farm |
| 13:09 | Build | Farm |
| 13:16 | Build | Farm |
| 13:27 | Research | Double-Bit Axe |
| 13:38 | Build | Farm |
| 14:17 | Queue | Villager (Male) |
| 14:17 | Queue | Villager (Male) |
| 14:33 | Queue | Villager (Male) |
| 14:33 | Queue | Villager (Male) |
| 14:36 | Build | Farm |
| 14:39 | Build | Farm |
| 14:39 | Build | Farm |
| 14:40 | Build | Farm |
| 15:01 | Queue | Spearman |
| 15:02 | Queue | Spearman |
| 15:19 | Build | Farm |
| 15:23 | Build | House |
| 15:29 | Queue | Villager (Male) |
| 15:30 | Queue | Villager (Male) |
| 15:43 | Queue | Villager (Male) |
| 15:43 | Queue | Villager (Male) |
| 15:44 | Queue | Villager (Male) |
| 15:50 | Build | House |
| 15:57 | Build | Mining Camp |
| 16:01 | Queue | Villager (Male) |
| 16:04 | Build | Farm |
| 16:04 | Build | Farm |
| 16:04 | Build | Farm |
| 16:26 | Queue | Villager (Male) |
| 16:27 | Queue | Villager (Male) |
| 16:33 | Queue | Villager (Male) |
| 16:33 | Queue | Villager (Male) |
| 16:48 | Build | Palisade Wall |
| 17:14 | Queue | Villager (Male) |
| 17:15 | Queue | Villager (Male) |
| 17:38 | Queue | Villager (Male) |
| 17:38 | Queue | Villager (Male) |
| 17:53 | Queue | Villager (Male) |
| 17:53 | Queue | Villager (Male) |
| 18:01 | Build | Palisade Gate |
| 18:07 | Build | Farm |
| 18:07 | Build | Farm |
| 18:08 | Queue | Villager (Male) |
| 18:23 | Build | Farm |
| 18:23 | Build | Farm |
| 18:24 | Build | Farm |
| 18:24 | Build | Farm |
| 18:24 | Build | Farm |
| 18:24 | Build | Farm |
| 18:28 | Research | Horse Collar |
| 18:48 | Queue | Villager (Male) |
| 19:06 | Build | Farm |
| 19:07 | Build | Farm |
Build order — kaaaboooom
77 actions detected in the replay
| 0:02 | Queue | Villager (Male) |
| 0:02 | Queue | Villager (Male) |
| 0:02 | Queue | Villager (Male) |
| 0:05 | Build | House |
| 0:42 | Build | Barracks |
| 1:20 | Queue | Villager (Male) |
| 1:51 | Queue | Villager (Male) |
| 1:57 | Build | House |
| 2:06 | Queue | Militia |
| 2:24 | Research | Loom |
| 2:40 | Queue | Villager (Male) |
| 2:58 | Queue | Villager (Male) |
| 3:15 | Queue | Militia |
| 3:48 | Queue | Villager (Male) |
| 4:18 | Queue | Villager (Male) |
| 4:21 | Build | House |
| 5:30 | Queue | Villager (Male) |
| 5:59 | Queue | Villager (Male) |
| 6:04 | Queue | Militia |
| 6:23 | Build | Lumber Camp |
| 6:56 | Queue | Villager (Male) |
| 7:15 | Queue | Villager (Male) |
| 7:35 | Queue | Villager (Male) |
| 8:01 | Build | Mill |
| 8:20 | Queue | Militia |
| 8:47 | Queue | Villager (Male) |
| 9:10 | Build | House |
| 9:39 | Queue | Villager (Male) |
| 10:46 | Build | Mining Camp |
| 10:54 | Research | Feudal Age |
| 11:59 | Queue | Villager (Male) |
| 11:59 | Queue | Villager (Male) |
| 12:31 | Build | Farm |
| 12:33 | Queue | Militia |
| 13:04 | Age | Feudal Age |
| 13:16 | Build | Farm |
| 13:16 | Build | Farm |
| 13:16 | Build | Farm |
| 13:19 | Queue | Villager (Male) |
| 13:22 | Queue | Militia |
| 13:23 | Queue | Militia |
| 13:41 | Build | House |
| 14:18 | Build | House |
| 14:25 | Queue | Villager (Male) |
| 14:37 | Research | Man-at-Arms (upgrade) |
| 15:07 | Queue | Militia |
| 15:38 | Build | Barracks |
| 15:55 | Build | Farm |
| 16:17 | Queue | Villager (Male) |
| 16:20 | Build | Farm |
| 16:25 | Queue | Villager (Male) |
| 16:44 | Queue | Militia |
| 16:44 | Queue | Militia |
| 17:27 | Queue | Militia |
| 17:27 | Queue | Militia |
| 17:29 | Queue | Villager (Male) |
| 17:29 | Queue | Villager (Male) |
| 17:35 | Research | Double-Bit Axe |
| 17:40 | Build | Farm |
| 17:57 | Queue | Militia |
| 17:59 | Queue | Militia |
| 18:06 | Queue | Villager (Male) |
| 18:15 | Research | Horse Collar |
| 18:35 | Queue | Militia |
| 18:36 | Queue | Militia |
| 18:45 | Build | House |
| 18:49 | Build | House |
| 18:54 | Research | Gold Mining |
| 19:14 | Queue | Militia |
| 19:14 | Queue | Militia |
| 19:23 | Build | Blacksmith |
| 19:28 | Build | House |
| 19:32 | Queue | Villager (Male) |
| 19:32 | Queue | Villager (Male) |
| 19:32 | Queue | Villager (Male) |
| 20:10 | Queue | Militia |
| 20:10 | Queue | Militia |
Build order — LMG_HERA DE TEMU
109 actions detected in the replay
| 0:01 | Queue | Villager (Male) |
| 0:01 | Queue | Villager (Male) |
| 0:01 | Queue | Villager (Male) |
| 0:02 | Queue | Villager (Male) |
| 0:03 | Build | House |
| 0:04 | Build | House |
| 1:25 | Queue | Villager (Male) |
| 1:25 | Queue | Villager (Male) |
| 1:47 | Build | Lumber Camp |
| 2:05 | Queue | Villager (Male) |
| 2:05 | Queue | Villager (Male) |
| 2:17 | Queue | Villager (Male) |
| 2:17 | Queue | Villager (Male) |
| 2:38 | Queue | Villager (Male) |
| 2:39 | Queue | Villager (Male) |
| 2:54 | Queue | Villager (Male) |
| 2:55 | Queue | Villager (Male) |
| 3:45 | Build | House |
| 3:48 | Queue | Villager (Male) |
| 3:49 | Queue | Villager (Male) |
| 3:51 | Build | Palisade Wall |
| 3:52 | Build | Palisade Wall |
| 3:57 | Research | Loom |
| 4:44 | Build | House |
| 4:47 | Queue | Villager (Male) |
| 4:47 | Queue | Villager (Male) |
| 4:47 | Queue | Villager (Male) |
| 4:48 | Queue | Villager (Male) |
| 5:18 | Build | Palisade Wall |
| 5:19 | Build | Palisade Wall |
| 5:24 | Build | Palisade Wall |
| 5:38 | Build | Palisade Wall |
| 6:01 | Queue | Villager (Male) |
| 6:01 | Queue | Villager (Male) |
| 6:04 | Build | Mill |
| 6:30 | Queue | Villager (Male) |
| 7:06 | Queue | Villager (Male) |
| 7:40 | Queue | Villager (Male) |
| 8:22 | Research | Feudal Age |
| 8:23 | Research | Feudal Age |
| 9:10 | Build | Palisade Wall |
| 9:17 | Queue | Villager (Male) |
| 9:22 | Build | Barracks |
| 9:31 | Build | Mining Camp |
| 9:39 | Queue | Villager (Male) |
| 9:39 | Queue | Villager (Male) |
| 10:08 | Build | House |
| 10:32 | Build | House |
| 10:32 | Age | Feudal Age |
| 10:41 | Build | Blacksmith |
| 10:52 | Build | Palisade Gate |
| 10:54 | Build | Palisade Wall |
| 10:56 | Build | Palisade Wall |
| 11:10 | Research | Double-Bit Axe |
| 11:27 | Queue | Villager (Male) |
| 11:27 | Queue | Villager (Male) |
| 11:27 | Queue | Villager (Male) |
| 11:51 | Build | House |
| 11:53 | Build | House |
| 12:18 | Build | Siege Workshop |
| 12:28 | Build | House |
| 12:30 | Build | House |
| 12:33 | Build | House |
| 12:42 | Queue | Villager (Male) |
| 12:42 | Queue | Villager (Male) |
| 13:03 | Build | Palisade Wall |
| 13:13 | Queue | Battering Ram |
| 13:13 | Queue | Battering Ram |
| 13:13 | Queue | Battering Ram |
| 13:33 | Build | House |
| 13:41 | Queue | Villager (Male) |
| 13:42 | Queue | Villager (Male) |
| 13:50 | Build | Palisade Wall |
| 13:52 | Build | Palisade Wall |
| 14:02 | Build | Palisade Gate |
| 14:09 | Queue | Battering Ram |
| 14:19 | Build | Palisade Gate |
| 14:46 | Queue | Battering Ram |
| 14:50 | Build | Farm |
| 15:30 | Queue | Battering Ram |
| 15:33 | Build | Farm |
| 15:34 | Build | Farm |
| 15:35 | Build | Farm |
| 15:40 | Queue | Villager (Male) |
| 15:40 | Queue | Villager (Male) |
| 15:40 | Queue | Villager (Male) |
| 15:41 | Queue | Villager (Male) |
| 16:05 | Queue | Battering Ram |
| 16:30 | Build | Lumber Camp |
| 16:35 | Build | Farm |
| 17:05 | Queue | Villager (Male) |
| 17:05 | Build | Farm |
| 17:07 | Build | Farm |
| 17:09 | Build | Farm |
| 17:11 | Build | Farm |
| 17:13 | Queue | Villager (Male) |
| 17:13 | Queue | Villager (Male) |
| 17:13 | Queue | Villager (Male) |
| 17:31 | Queue | Villager (Male) |
| 17:32 | Queue | Villager (Male) |
| 17:52 | Queue | Battering Ram |
| 18:06 | Build | Market |
| 18:36 | Queue | Villager (Male) |
| 18:36 | Queue | Villager (Male) |
| 18:36 | Queue | Villager (Male) |
| 18:57 | Queue | Battering Ram |
| 19:00 | Queue | Villager (Male) |
| 19:00 | Queue | Villager (Male) |
| 19:45 | Build | Watch Tower |
Build order — Gabito
113 actions detected in the replay
| 0:00 | Queue | Villager (Male) |
| 0:01 | Queue | Villager (Male) |
| 0:01 | Queue | Villager (Male) |
| 0:02 | Build | House |
| 0:04 | Build | House |
| 0:13 | Queue | Villager (Male) ×2 |
| 1:26 | Queue | Villager (Male) |
| 3:01 | Queue | Villager (Male) |
| 3:01 | Queue | Villager (Male) |
| 3:01 | Queue | Villager (Male) |
| 3:24 | Queue | Villager (Male) |
| 3:24 | Queue | Villager (Male) |
| 3:24 | Queue | Villager (Male) |
| 3:40 | Queue | Villager (Male) |
| 3:51 | Build | House |
| 3:54 | Build | Lumber Camp |
| 4:07 | Queue | Villager (Male) |
| 4:36 | Queue | Villager (Male) ×3 |
| 4:53 | Build | House |
| 4:54 | Build | Palisade Wall |
| 4:56 | Queue | Villager (Male) ×2 |
| 5:11 | Queue | Villager (Male) |
| 5:12 | Queue | Villager (Male) |
| 5:34 | Queue | Villager (Male) ×4 |
| 6:06 | Queue | Villager (Male) |
| 6:27 | Build | Mill |
| 6:39 | Research | Loom |
| 6:53 | Research | Feudal Age |
| 6:53 | Research | Feudal Age |
| 7:40 | Build | Barracks |
| 7:46 | Build | Palisade Wall |
| 7:48 | Build | Palisade Wall |
| 7:50 | Build | Palisade Wall |
| 7:59 | Queue | Villager (Male) |
| 7:59 | Queue | Villager (Male) |
| 8:14 | Build | House |
| 8:26 | Build | Palisade Wall |
| 8:29 | Build | Palisade Wall |
| 8:48 | Build | Farm |
| 9:06 | Age | Feudal Age |
| 9:18 | Build | Stable |
| 9:29 | Queue | Villager (Male) |
| 9:42 | Build | Palisade Wall |
| 9:51 | Build | Farm |
| 9:55 | Queue | Spearman |
| 10:00 | Queue | Scout Cavalry |
| 10:00 | Queue | Scout Cavalry |
| 10:15 | Build | Farm |
| 10:39 | Build | Farm |
| 10:54 | Build | Farm |
| 11:15 | Research | Double-Bit Axe |
| 11:16 | Research | Double-Bit Axe |
| 11:19 | Queue | Villager (Male) |
| 12:32 | Queue | Villager (Male) |
| 12:36 | Build | Blacksmith |
| 12:41 | Queue | Villager (Male) |
| 12:50 | Build | Palisade Wall |
| 12:51 | Build | Palisade Wall |
| 12:56 | Build | House |
| 12:58 | Build | Palisade Wall |
| 13:00 | Queue | Villager (Male) |
| 13:02 | Build | Farm |
| 13:03 | Build | Farm |
| 13:08 | Build | Palisade Wall |
| 13:08 | Build | Palisade Wall |
| 13:23 | Build | Palisade Wall |
| 13:24 | Build | House |
| 13:38 | Build | Palisade Gate |
| 13:44 | Build | Farm |
| 13:45 | Queue | Villager (Male) |
| 13:46 | Queue | Villager (Male) |
| 13:52 | Build | Palisade Wall |
| 13:53 | Build | Palisade Wall |
| 13:59 | Build | Farm |
| 13:59 | Build | Farm |
| 14:00 | Build | Farm |
| 14:10 | Queue | Villager (Male) |
| 14:10 | Queue | Villager (Male) |
| 14:14 | Build | Farm |
| 14:34 | Build | Farm |
| 14:48 | Queue | Villager (Male) |
| 14:49 | Build | Farm |
| 15:43 | Build | Farm |
| 15:44 | Build | Farm |
| 15:44 | Build | Farm |
| 15:47 | Queue | Villager (Male) |
| 15:48 | Queue | Villager (Male) |
| 15:54 | Build | Farm |
| 16:04 | Build | Farm |
| 16:30 | Build | Farm |
| 16:38 | Build | Palisade Wall |
| 16:43 | Build | Farm |
| 16:48 | Build | Palisade Wall |
| 17:00 | Queue | Villager (Male) |
| 17:00 | Queue | Villager (Male) |
| 17:01 | Build | Mining Camp |
| 17:07 | Queue | Villager (Male) |
| 17:24 | Queue | Villager (Male) |
| 17:46 | Build | Farm |
| 18:02 | Build | House |
| 18:10 | Research | Gold Mining |
| 18:11 | Research | Gold Mining |
| 18:16 | Build | Farm |
| 18:34 | Build | Farm |
| 18:57 | Build | Mining Camp |
| 19:19 | Research | Scale Barding Armor |
| 19:23 | Research | Castle Age |
| 19:24 | Research | Castle Age |
| 19:26 | Research | Forging |
| 19:36 | Research | Horse Collar |
| 19:37 | Research | Horse Collar |
| 20:14 | Research | Bloodlines |
| 20:15 | Research | Bloodlines |
Match timeline
| 0:42 | kaaaboooom · first_building Barracks |
| 3:51 | LMG_HERA DE TEMU · wall_segment Palisade Wall x1 |
| 3:52 | LMG_HERA DE TEMU · wall_segment Palisade Wall x1 |
| 4:54 | Gabito · wall_segment Palisade Wall x1 |
| 5:18 | LMG_HERA DE TEMU · wall_segment Palisade Wall x1 |
| 5:19 | LMG_HERA DE TEMU · wall_segment Palisade Wall x1 |
| 5:24 | LMG_HERA DE TEMU · wall_segment Palisade Wall x1 |
| 5:36 | Szwajson · first_building Barracks |
| 5:38 | LMG_HERA DE TEMU · wall_segment Palisade Wall x1 |
| 5:50 | LMG_SON SABANDIJAS · wall_segment Palisade Wall x8 |
| 5:55 | LMG_SON SABANDIJAS · wall_segment Palisade Wall x1 |
| 5:58 | LMG_SON SABANDIJAS · wall_segment Palisade Wall x1 |
| 5:59 | LMG_SON SABANDIJAS · wall_segment Palisade Wall x1 |
| 6:02 | LMG_SON SABANDIJAS · wall_segment Palisade Wall x1 |
| 6:03 | LMG_SON SABANDIJAS · wall_segment Palisade Wall x1 |
| 7:17 | LMG_Leonardo · first_building Barracks |
| 7:40 | Gabito · first_building Barracks |
| 7:46 | Gabito · wall_segment Palisade Wall x1 |
| 7:48 | Gabito · wall_segment Palisade Wall x1 |
| 7:50 | Gabito · wall_segment Palisade Wall x1 |
| 8:26 | Gabito · wall_segment Palisade Wall x3 |
| 8:29 | Gabito · wall_segment Palisade Wall x1 |
| 8:55 | LMG_SON SABANDIJAS · wall_segment Palisade Wall x1 |
| 9:06 | Gabito · age_up feudal |
| 9:10 | LMG_HERA DE TEMU · wall_segment Palisade Wall x1 |
| 9:18 | Gabito · first_building Stable |
| 9:21 | LMG_Leonardo · age_up feudal |
| 9:22 | LMG_HERA DE TEMU · first_building Barracks |
| 9:42 | Gabito · wall_segment Palisade Wall x1 |
| 10:05 | LMG_SON SABANDIJAS · wall_segment Palisade Wall x5 |
| 10:32 | LMG_HERA DE TEMU · age_up feudal |
| 10:40 | LMG_SON SABANDIJAS · wall_segment Palisade Wall x1 |
| 10:44 | LMG_SON SABANDIJAS · wall_segment Palisade Wall x4 |
| 10:54 | LMG_HERA DE TEMU · wall_segment Palisade Wall x1 |
| 10:56 | LMG_HERA DE TEMU · wall_segment Palisade Wall x1 |
| 11:10 | LMG_SON SABANDIJAS · first_building Barracks |
| 11:12 | Szwajson · age_up feudal |
| 11:14 | Szwajson · first_building Archery Range |
| 12:18 | LMG_HERA DE TEMU · first_building Siege Workshop |
| 12:27 | LMG_SON SABANDIJAS · age_up feudal |
| 12:50 | Gabito · wall_segment Palisade Wall x2 |
| 12:51 | Gabito · wall_segment Palisade Wall x3 |
| 12:58 | Gabito · wall_segment Palisade Wall x3 |
| 13:03 | LMG_HERA DE TEMU · wall_segment Palisade Wall x1 |
| 13:04 | kaaaboooom · age_up feudal |
| 13:05 | LMG_Leonardo · wall_segment Palisade Wall x1 |
| 13:06 | LMG_Leonardo · wall_segment Palisade Wall x1 |
| 13:08 | Gabito · wall_segment Palisade Wall x5 |
| 13:08 | Gabito · wall_segment Palisade Wall x3 |
| 13:10 | LMG_Leonardo · wall_segment Palisade Wall x6 |
| 13:23 | Gabito · wall_segment Palisade Wall x18 |
| 13:39 | LMG_Leonardo · wall_segment Palisade Wall x6 |
| 13:50 | LMG_HERA DE TEMU · wall_segment Palisade Wall x1 |
| 13:52 | LMG_HERA DE TEMU · wall_segment Palisade Wall x1 |
| 13:52 | Gabito · wall_segment Palisade Wall x8 |
| 13:53 | Gabito · wall_segment Palisade Wall x5 |
| 16:38 | Gabito · wall_segment Palisade Wall x4 |
| 16:48 | LMG_SON SABANDIJAS · wall_segment Palisade Wall x8 |
| 16:48 | Gabito · wall_segment Palisade Wall x3 |
| 18:55 | LMG_Leonardo · first_building Stable |
| 19:40 | LMG_SON SABANDIJAS · resign |
[ AI ANALYSIS · 1 CREDIT ]
What really happened in this match?
Wolo.gg analyzes every decision: build order, eco, micro, common mistakes by bracket. Personalized analysis on WhatsApp or Discord in 30 seconds.
Civ guide
Saracens
Perfil
Jugador #4681086